AoeStats
← schniggo

Arena

509881420Analyzed
2v2 RM · 5d ago on Sep 28, 2026· 67m 12s· 4 players
Game mode
Random Map
Map size
Medium (4 player)
Population
200
Speed
Normal
Resources
Standard
Victory
Conquest
Starting age
Dark Age
Ending age
Imperial Age
RankedLock teamsTeams togetherTeam positionsShared explorationLock speedFull tech treeHidden civsTurbo modeCheats
Victory
Defeat
🇨🇳 Slavs · China
1245
+14
🇬🇧 Bohemians · United Kingdom
1166
+18
🇩🇪 Byzantines · Germany
1212
-16
🇩🇪 Wei · Germany
1194
-16
schniggo
11:12 Feudal Age
10:25 Loom
12:39 Loom
15:35 Castle Age
14:13 Double-Bit Axe
14:32 Horse Collar
17:31 Bow Saw
17:22 Gold Mining
20:27 Fervor
22:53 Heavy Plow
22:45 Stone Mining
23:56 Wheelbarrow
23:52 Town Watch
24:57 Stone Shaft Mining
25:04 Gold Shaft Mining
27:18 Bloodlines
27:08 Husbandry
28:58 Fletching
29:14 Scale Barding Armor
29:20 Forging
33:35 Imperial Age
32:27 Hand Cart
33:46 Chain Barding Armor
34:02 Iron Casting
33:33 Bodkin Arrow
35:20 Parthian Tactics
37:04 Bracer
37:04 Padded Archer Armor
38:56 Thumb Ring
39:07 Leather Archer Armor
43:03 Chemistry
42:35 Ring Archer Armor
44:01 Ballistics
50:14 Conscription
50:23 Ming Guang Armor
50:01 Tuntian
50:21 Elite Skirmisher
63:55 Blast Furnace
62:57 Elite Tiger Cavalry
JoeDreck
10:40 Feudal Age
15:39 Castle Age
13:54 Double-Bit Axe
14:41 Horse Collar
14:50 Loom
18:00 Bow Saw
19:20 Heavy Plow
19:48 Gold Mining
21:08 Gold Shaft Mining
21:54 Wheelbarrow
23:22 Stone Mining
27:08 Fortified Wall
27:57 Hand Cart
28:25 Fletching
29:00 Crossbowman
29:38 Bodkin Arrow
33:05 Ballistics
35:21 Imperial Age
33:47 Husbandry
33:48 Padded Archer Armor
33:54 Scale Barding Armor
34:00 Forging
33:19 Light Cavalry
34:25 Elite Skirmisher
35:21 Leather Archer Armor
36:07 Chain Barding Armor
37:28 Chemistry
36:30 Bracer
37:05 Iron Casting
35:54 Heavy Camel Rider
37:00 Murder Holes
38:35 Plate Barding Armor
39:40 Conscription
39:25 Pikeman
40:37 Ring Archer Armor
43:05 Halberdier
44:10 Hussar
45:44 Scale Mail Armor
46:56 Squires
46:41 Gambesons
47:34 Chain Mail Armor
47:57 Crop Rotation
48:29 Two-Man Saw
49:17 Plate Mail Armor
56:01 Elite Varangian Guard
56:28 Arson
61:41 Man-at-Arms
1979Old-Wang
0:28 Loom
12:08 Feudal Age
12:55 Double-Bit Axe
17:19 Castle Age
15:37 Gold Mining
15:52 Horse Collar
15:45 Man-at-Arms
18:11 Bow Saw
18:06 Long Swordsman
22:18 Squires
22:33 Scale Mail Armor
23:44 Chain Mail Armor
23:41 Forging
26:14 Gold Shaft Mining
27:31 Stone Mining
28:20 Wheelbarrow
32:04 Imperial Age
30:36 Iron Casting
31:04 Hand Cart
32:16 Heavy Plow
32:59 Scale Barding Armor
33:31 Conscription
33:42 Husbandry
33:53 Bloodlines
35:03 Two-Man Saw
33:52 Pikeman
35:02 Detinets
34:28 Halberdier
36:53 Chain Barding Armor
38:39 Plate Barding Armor
38:37 Druzhina
40:47 Plate Mail Armor
42:20 Light Cavalry
43:31 Two-Handed Swordsman
45:41 Blast Furnace
44:21 Champion
46:22 Siege Engineers
45:41 Capped Ram
47:01 Crop Rotation
46:56 Siege Ram
49:14 Hussar
50:54 Elite Boyar
54:58 Fortified Wall
54:59 Masonry
54:58 Fletching
56:28 Bodkin Arrow
GuptaTheFigher
11:35 Feudal Age
15:03 Castle Age
13:01 Double-Bit Axe
14:15 Horse Collar
16:17 Bow Saw
19:12 Fervor
20:36 Wheelbarrow
19:46 Town Watch
23:34 Loom
30:29 Imperial Age
29:14 Forging
29:10 Scale Barding Armor
30:22 Chemistry
29:33 Masonry
29:00 Pikeman
29:50 Squires
31:40 Iron Casting
31:25 Chain Barding Armor
30:56 Fletching
30:48 Halberdier
33:40 Blast Furnace
32:40 Padded Archer Armor
33:03 Siege Engineers
38:26 Bodkin Arrow
38:30 Houfnice
46:02 Bracer
46:03 Padded Archer Armor
46:35 Crossbowman
49:20 Two-Man Saw
48:29 Arbalester
50:01 Conscription
50:22 Ballistics
50:21 Leather Archer Armor
52:41 Hand Cart
56:31 Ring Archer Armor
61:27 Elite Skirmisher
Connection lost

Rejoining the realm…

Still unreachable

The connection could not be restored.

Session expired

The server has moved on; the page needs a fresh start.